 Dungeon Crawl Stone Soup version 0.25-a0-287-g56a5b49892 (webtiles) character file.

Game seed: 7187066227011922085, levelgen mode: deterministic

3675 MoonlitKnight the Protected (level 9, -8/85 HPs)
             Began as a Minotaur Fighter on Dec 12, 2019.
             Was a Follower of the Shining One.
             Hit by a large rock thrown by a cyclops (39 damage)
             ... on level 8 of the Dungeon.
             The game lasted 00:18:04 (7045 turns).

MoonlitKnight the Protected (Minotaur Fighter)      Turns: 7045, Time: 00:18:05

Health: -8/85      AC: 14    Str: 34    XL:     9   Next: 89%
Magic:  18/18      EV:  9    Int:  7    God:    the Shining One [*.....]
Gold:   470        SH:  0    Dex: 13    Spells: 8/8 levels left

rFire    + . .     SeeInvis .   t - +1 great sword "Nacrus" {elec, *Rage Str+3 Int+2 Dex+4}
rCold    . . .     Gourm    .   (shield currently unavailable)
rNeg     + . .     Faith    .   x - +1 chain mail "Giuxaadis" {rN+ Str+3}
rPois    .         Spirit   .   (helmet restricted)
rElec    .         Reflect  .   (no cloak)
rCorr    .         Harm     .   (no gloves)
MR       .....     Rnd*Rage +   q - +0 pair of boots
Stlth    ..........             (no amulet)
HPRegen  0.24/turn              I - ring of protection from fire
MPRegen  0.16/turn              L - ring "Ingolabue" {MP+9 Str+3}

@: glowing
A: retaliatory headbutt, horns 2
a: Renounce Religion


You were on level 8 of the Dungeon.
You worshipped the Shining One.
The Shining One was aware of your devotion.
You were not hungry.

You visited 2 branches of the dungeon, and saw 9 of its levels.

You collected 470 gold pieces.

Inventory:

Hand Weapons
 a - a +0 long sword
 n - a +0 hunting sling
 t - the +1 great sword "Nacrus" (weapon) {elec, *Rage Str+3 Int+2 Dex+4}
   (You found it on level 5 of the Dungeon)

   Occasionally, upon striking a foe, it will discharge some electrical energy
   and cause terrible harm.
   It affects your strength (+3).
   It affects your intelligence (+2).
   It affects your dexterity (+4).
   It may make you go berserk in combat.
 M - a +0 shortbow
Missiles
 l - 8 atropa-tipped darts (quivered)
 s - 4 curare-tipped darts
 v - 32 poisoned darts
 A - 27 sling bullets
 D - 7 boomerangs
 N - 60 arrows
Armour
 b - a +0 scale mail
 c - a +0 shield
 q - a +0 pair of boots (worn)
 x - the +1 chain mail "Giuxaadis" (worn) {rN+ Str+3}
   (You found it on level 4 of the Dungeon)

   It affects your strength (+3).
   It protects you from negative energy.
 P - a +0 chain mail
Jewellery
 g - an uncursed ring of magical power
 E - an uncursed ring of fire
 F - an uncursed ring of ice
 I - a ring of protection from fire (left hand)
 L - the ring "Ingolabue" (right hand) {MP+9 Str+3}
   (You found it on level 7 of the Dungeon)

   [ring of magical power]

   It affects your strength (+3).
   It affects your magic capacity (+9).
Wands
 G - a wand of digging (4)
Scrolls
 i - 6 scrolls of identify
 j - a scroll of fear
 k - 2 scrolls of magic mapping
 o - a scroll of fog
 p - a scroll of blinking
 u - 2 scrolls of remove curse
 y - a scroll of random uselessness {unknown}
 B - 2 scrolls of teleportation {unknown}
 C - a scroll of enchant weapon {unknown}
 H - a scroll of noise {unknown}
Potions
 d - a potion of might
 e - a potion of degeneration
 h - 4 potions of cancellation
 m - 3 potions of curing
 r - a potion of heal wounds
 w - 2 potions of haste
 z - a potion of lignification
 K - a potion of agility {unknown}
 O - a potion of flight {unknown}
Comestibles
 f - 21 rations
 J - 6 chunks of flesh


   Skills:
 + Level 9.9 Fighting
 + Level 9.5 Long Blades
 + Level 10.0 Armour
 - Level 6.2 Shields
 + Level 2.1 Invocations


You had 8 spell levels left.
You didn't know any spells.
Your spell library contained the following spells:

 Spells                   Type           Power        Failure   Level  Hunger
 Infusion                 Chrm           #...         83%         1    ##.....
 Shroud of Golubria       Chrm/Tloc      #.....       93%         2    ###....
 Song of Slaying          Chrm           #.......     93%         2    ###....
 Regeneration             Chrm/Necr      #.........   99%         3    ####...
 Spectral Weapon          Hex/Chrm       #.......     99%         3    ####...


Dungeon Overview and Level Annotations

Branches:
Dungeon (8/15)             Temple (1/1) D:5
   Lair: D:8-11

Altars:
Ashenzari
Cheibriados
Dithmenos
Elyvilon
Fedhas
Gozag
Hepliaklqana
Kikubaaqudgha
Makhleb
Nemelex Xobeh
Okawaru
Qazlal
Ru
Sif Muna
Trog
Uskayaw
Vehumet
Wu Jian
Xom
Yredelemnul
Zin
The Shining One

Shops:
D:4 !   D:5 [

Annotations:
D:5 2 runed translucent doors, jaiteiro's ghost, amateur GnSk


Innate Abilities, Weirdness & Mutations

You reflexively headbutt those who attack you in melee.
You have a pair of horns on your head.


Message History

You kill the hound!
Your Armour skill increases to level 10!
Found 13 gold pieces.
You see here a hound corpse.
You butcher the hound corpse.
J - 6 chunks of flesh (gained 3)
You see here a hound skeleton.
A cyclops comes into view.
Found 7 gold pieces.
Things that are here:
a +0 giant club; a +0 giant spiked club; a two-headed ogre corpse You butcher the two-headed ogre corpse.
The cyclops throws a large rock.
The large rock hits you!!
Items here: % ( )) ÷ a large rock; a +0 giant club; a +0 giant spiked club; 4 chunks of flesh a two-headed ogre skeleton You are too injured to fight recklessly!
You are too injured to fight recklessly!
The cyclops throws a large rock.
The large rock hits you!!!
You die...

###. ###... ###..... #
###....... ..#
###......... ....##
###...........
..C$..#####.............
..$.?...#÷....#.........
.......@.(....#.........
.#........#.............
#......###...........#.
........##...........###
.#.......##..#.##......#
#......# #########....#
##..$..# ###..# ##..###
#.## ###


You could see a cyclops.

Vanquished Creatures
  A two-headed ogre (D:8)
  Pikel (D:6)
  A slime creature (D:8)
  A hornet (D:8)
  Sigmund (D:3)
  A hungry ghost (D:7)
  4 sky beasts
  A centaur (D:7)
  An ogre (D:7)
  Blork the orc (D:6)
  A scorpion (D:4)
  3 wights (D:7)
  A crimson imp (D:5)
  A centaur zombie (D:5)
  3 hounds
  A bullfrog zombie (D:5)
  2 jellies (D:5)
  3 orc priests
  2 bullfrog skeletons
  A centaur skeleton (D:7)
  4 iguanas
  Natasha (thrice) (D:2)
  7 orc wizards
  9 worker ants
  9 adders
  A shadow imp (D:8)
  2 oozes
  2 adder zombies
  4 adder skeletons
  6 worms
  2 dart slugs
  2 leopard geckos
  21 orcs
  4 ball pythons
  9 bats
  4 giant cockroaches
  6 goblins
  8 hobgoblins
  16 jackals
  A quokka (D:6)
  6 frilled lizards
  7 kobolds
  5 rats
169 creatures vanquished.

Vanquished Creatures (others)
  A slave (D:6)
  A bullfrog (D:6)
  A giant cockroach (D:6)
3 creatures vanquished.

Grand Total: 172 creatures vanquished

Notes
Turn   | Place    | Note
-------+----------+-------------------------------------------
     0 | D:1      | MoonlitKnight the Minotaur Fighter began the quest for the
                  | Orb.
     0 | D:1      | Reached XP level 1. HP: 19/19 MP: 0/0
   110 | D:1      | Reached XP level 2. HP: 27/27 MP: 1/1
   223 | D:1      | Reached skill level 4 in Armour
   312 | D:1      | Reached XP level 3. HP: 33/33 MP: 2/2
  1188 | D:2      | Noticed Natasha
  1203 | D:2      | Killed Natasha
  1203 | D:2      | Reached XP level 4. HP: 16/41 MP: 3/3
  1440 | D:2      | Found a burning altar of Makhleb.
  1440 | D:2      | Found a shimmering altar of Xom.
  1491 | D:2      | Noticed Natasha
  1502 | D:2      | Killed Natasha
  1758 | D:2      | Noticed Natasha
  1816 | D:2      | Killed Natasha
  1816 | D:2      | Reached XP level 5. HP: 7/47 MP: 4/4
  2584 | D:3      | Noticed Sigmund
  3315 | D:3      | Killed Sigmund
  3315 | D:3      | Reached skill level 5 in Fighting
  3315 | D:3      | Reached skill level 5 in Armour
  3315 | D:3      | Reached skill level 5 in Shields
  3315 | D:3      | Reached XP level 6. HP: 53/56 MP: 5/5
  3724 | D:4      | Found Juoffeng's Distillery.
  3807 | D:4      | Got a dazzling chain mail
  3817 | D:4      | Identified the +1 chain mail "Giuxaadis" {rN+ Str+3} (You
                  | found it on level 4 of the Dungeon)
  3931 | D:4      | Reached skill level 5 in Long Blades
  3931 | D:4      | Reached XP level 7. HP: 62/62 MP: 6/6
  4180 | D:5      | Entered Level 5 of the Dungeon
  4264 | D:5      | Reached skill level 6 in Armour
  4366 | D:5      | Found a staircase to the Ecumenical Temple.
  4392 | Temple   | Entered the Ecumenical Temple
  4575 | D:5      | Got an iridescent great sword
  4581 | D:5      | Identified the +1 great sword "Nacrus" {elec, *Rage Str+3
                  | Int+2 Dex+4} (You found it on level 5 of the Dungeon)
  4768 | D:5      | Found Qixaeto's Armour Shop.
  4781 | D:5      | Found an opulent altar of Gozag.
  4824 | D:5      | Found a large runed translucent door.
  4828 | D:5      | Found a large runed translucent door.
  4828 | D:5      | Noticed jaiteiro's ghost (amateur GnSk)
  4918 | D:5      | Reached XP level 8. HP: 71/71 MP: 7/7
  5168 | D:6      | Reached skill level 7 in Armour
  5226 | D:6      | Noticed Blork the orc
  5232 | D:6      | Killed Blork the orc
  5289 | D:6      | Noticed Pikel
  5299 | D:6      | Killed Pikel
  5299 | D:6      | Reached skill level 8 in Armour
  6161 | D:7      | Found a shimmering altar of Xom.
  6170 | D:7      | Reached XP level 9. HP: 68/82 MP: 8/8
  6171 | D:7      | Found a shimmering blue altar of Sif Muna.
  6187 | D:7      | Found a glowing silver altar of Zin.
  6189 | D:7      | Found a bloodstained altar of Trog.
  6191 | D:7      | Found a snail-covered altar of Cheibriados.
  6191 | D:7      | Found a hide-covered altar of Uskayaw.
  6192 | D:7      | Found a glowing golden altar of the Shining One.
  6210 | D:7      | Became a worshipper of the Shining One
  6329 | D:7      | Reached skill level 9 in Armour
  6528 | D:7      | Got a crude ivory ring
  6530 | D:7      | Identified the ring "Ingolabue" {MP+9 Str+3} (You found it
                  | on level 7 of the Dungeon)
  6746 | D:7      | Found an ornate altar of the Wu Jian Council.
  7010 | D:8      | Reached * piety under the Shining One
  7033 | D:8      | Noticed a two-headed ogre
  7037 | D:8      | Killed a two-headed ogre
  7038 | D:8      | Reached skill level 10 in Armour
  7042 | D:8      | Noticed a cyclops
  7045 | D:8      | Hit by a large rock thrown by a cyclops

Levels and vault maps discovered:
D:1:      eino_arrival_druids_welcome, layout_basic
D:2:      layout_basic, gammafunk_temple_overflow_elements, first_ration,
          grunt_decor_clamped, kennysheep_cross_bottleneck,
          hangedman_decor_riveting, uniq_natasha
D:3:      layout_loops_cross, uniq_sigmund
D:4:      layout_cave_pools, serial_shops, shop, minivault_26
D:5:      minmay_inner_zag, layout_loops_cross, overflow_temple_1_default,
          minmay_temple_entry_statues, serial_shops, shop,
          ebering_ghost_disaster_area
D:6:      layout_gridville, uniq_blork_the_orc, uniq_pikel
D:7:      layout_basic, marbit_many_paths, grunt_temple_overflow_open,
          basic_altar
D:8:      minmay_diamond_stairs, layout_cave_pools, dpeg_lair_monsters,
          grunt_livestock
Temple:   nicolae_temple_hex_pool

Skill      XL: |  1  2  3  4  5  6  7  8  9 |
---------------+----------------------------+-----
Armour         | 4 5 6 8 10 | 10.0
Fighting       | 4 5 6 8 9 |  9.9
Shields        | 4 5 6 |  6.2
Long Blades    | 3 4 5 6 7 9 |  9.5
Invocations    | 2 |  2.1

Action                   |  1- 3 |  4- 6 |  7- 9 || total
-------------------------+-------+-------+-------++-------
Melee: Long sword        |    94 |   136 |    48 ||   278
       Headbutt          |    19 |    27 |    48 ||    94
       Unarmed           |       |     4 |       ||     4
       Great sword       |       |       |   114 ||   114
  Use: Potion            |       |     1 |       ||     1
       Scroll            |       |       |    10 ||    10
  Eat: Chunk             |     1 |     5 |    13 ||    19
       Ration            |       |     1 |       ||     1
Armor: Scale mail        |    36 |    59 |       ||    95
       Skin              |       |     1 |       ||     1
       Chain mail        |       |     3 |   104 ||   107
Dodge: Dodged            |    29 |    38 |    84 ||   151
Block: Shield            |    44 |    67 |    18 ||   129
       Rpst.: Long sword |     8 |    16 |     3 ||    27
       Great sword       |       |       |    25 ||    25

Table legend:
 A = Non-vault XP
 B = Vault XP
 C = Vault XP percentage of total XP
 D = Non-vault monster count
 E = Vault monster count
 F = Vault count percentage of total count
                 A         B        C        D         E       F
            +---------+---------+-------+---------+---------+-------
      Total |    2959 |    2292 |  43.6 |     158 |      11 |   6.5
            +---------+---------+-------+---------+---------+-------
        D:1 |      56 |       0 |   0.0 |      27 |       0 |   0.0
        D:2 |     111 |      35 |  24.0 |      22 |       1 |   4.3
        D:3 |      70 |     220 |  75.9 |      22 |       1 |   4.3
        D:4 |     341 |       0 |   0.0 |      23 |       0 |   0.0
        D:5 |     463 |     182 |  28.2 |      16 |       4 |  20.0
        D:6 |     564 |     650 |  53.5 |      13 |       2 |  13.3
        D:7 |    1015 |       0 |   0.0 |      29 |       0 |   0.0
        D:8 |     339 |    1205 |  78.0 |       6 |       3 |  33.3
            +---------+---------+-------+---------+---------+-------
